 Dungeon Crawl Stone Soup version 0.20.0-10-g0535bb4 (webtiles) character file.

233 MTVSty1e the Poker (level 6, 0/51 HPs)
             Began as a Formicid Fighter on June 3, 2017.
             Was an Initiate of Okawaru.
             Succumbed to an adder's poison
             ... on level 4 of the Dungeon.
             The game lasted 00:08:07 (3133 turns).

MTVSty1e the Poker (Formicid Fighter)               Turns: 3133, Time: 00:08:07

Health: 0/51       AC: 10    Str: 23    XL:     6   Next: 26%
Magic:  6/6        EV:  7    Int: 15    God:    Okawaru [......]
Gold:   185        SH:  8    Dex: 10    Spells: 5/5 levels left

rFire    . . .     SeeInvis +   a - +0 trident
rCold    + . .     Gourm    .   c - +0 shield
rNeg     . . .     Faith    .   b - +0 scale mail
rPois    .         Spirit   .   (helmet unavailable)
rElec    .         Reflect  .   d - +0 cloak {MR+}
rCorr    .         Harm     .   r - +2 pair of gloves
MR       +....                  (no boots)
Stlth    ..........             (no amulet)
Regen    0.2/turn               p - +3 ring of intelligence
MPRegen  0.1/turn               f - ring of protection from cold

@: brilliant, lethally poisoned (0 -> -15), heavily drained
A: permanent stasis, dig shafts and tunnels, four strong arms, antennae 3
a: Dig, Shaft Self, Renounce Religion


You were on level 4 of the Dungeon.
You worshipped Okawaru.
Okawaru was noncommittal.
You were not hungry.

You visited 2 branches of the dungeon, and saw 5 of its levels.

You collected 185 gold pieces.

Inventory:

Hand Weapons
 a - a +0 trident (weapon)
Armour
 b - a +0 scale mail (worn)
 c - a +0 shield (worn)
 d - a +0 cloak of magic resistance (worn)
 l - a +0 pair of gloves
 r - a +2 pair of gloves (worn)
Jewellery
 f - a ring of protection from cold (right hand)
 p - a +3 ring of intelligence (left hand)
Wands
 j - a wand of confusion (6/48)
 q - a wand of flame (24/48)
Scrolls
 e - a scroll of magic mapping
 g - 4 scrolls of teleportation
 h - 6 scrolls of identify
 i - a scroll of remove curse
Potions
 k - 2 potions of haste
 m - 2 potions of mutation
 t - a potion of lignification {unknown}
Comestibles
 o - a bread ration


   Skills:
 + Level 5.0(2.1) Fighting
 * Level 5.0(2.1) Polearms
 - Level 3.2(0.5) Armour
 - Level 3.6(0.8) Shields


You had 5 spell levels left.
You didn't know any spells.

Dungeon Overview and Level Annotations

Branches:
Dungeon (4/15)             Temple (1/1) D:4

Altars:
Cheibriados
Okawaru
Xom


Innate Abilities, Weirdness & Mutations

You cannot be hasted, slowed, berserked, paralysed or teleported.
You can dig through walls and to a lower floor.
Your four strong arms can wield two-handed weapons with a shield.
You have a pair of large antennae on your head. (SInv)


Message History

* * * LOW HITPOINT WARNING * * *
You closely miss the adder.
The adder is almost dead.
You feel sick. The adder bites you.
* * * LOW HITPOINT WARNING * * *
You are lethally poisoned!
The adder poisons you!
You closely miss the adder.
The adder is almost dead.
* * * LOW HITPOINT WARNING * * *
You feel sick. The adder bites you but does no damage. The adder bites you.
* * * LOW HITPOINT WARNING * * *
You are more poisoned.
The adder poisons you!
It was a potion of brilliance.
You feel clever all of a sudden.
* * * LOW HITPOINT WARNING * * *
You feel sick. The adder bites you but does no damage.
It was a potion of magic.
Magic courses through your body.
You die...

*,,,****,,,*,,,,,,,,*
*,,,,(##...*....,,,,* #####
*,,,,,.....#...,,,.,* #....
*,,,.##........,,..,* #....
****,.........,,..,,* #....
***#......##.########.... ***
#....$................ ,,*
#>..S..#...#.......... *,******
*,**#@###....#######.. *,,,,,,*
#,**#.....##.#### #.#
******,**###..##...#.##....# #.#
*,,,,,,,,............#####.####..
,,*****,,..###..#.#..............
*** ***,,,#..##.#....###....##.
** ****.$.#.........##....##.
,*******,.....(......##......>##.
,,,,,,*,,.............(..#.......


You could see an adder.

Vanquished Creatures
  Ijyb (D:3)
  Crazy Yiuf (D:2)
  A worker ant (D:3)
  7 adders
  3 worms
  2 leopard geckos
  4 orcs
  2 ball pythons
  A giant cockroach (D:3)
  10 goblins
  8 hobgoblins
  7 jackals
  11 kobolds
  A quokka (D:2)
  11 bats
  4 frilled lizards
  8 rats
82 creatures vanquished.

Notes
Turn   | Place    | Note
-------+----------+-------------------------------------------
     0 | D:1      | MTVSty1e the Formicid Fighter began the quest for the Orb.
     0 | D:1      | Reached XP level 1. HP: 18/18 MP: 1/1
    67 | D:1      | Reached XP level 2. HP: 16/24 MP: 2/2
   512 | D:1      | Reached XP level 3. HP: 30/30 MP: 3/3
  1081 | D:2      | Reached XP level 4. HP: 22/37 MP: 4/4
  1427 | D:2      | Found a runed door.
  1431 | D:2      | Noticed Crazy Yiuf
  1441 | D:2      | Killed Crazy Yiuf
  1441 | D:2      | Reached XP level 5. HP: 11/43 MP: 5/5
  2445 | D:3      | Found a shimmering altar of Xom.
  2611 | D:4      | Noticed Ijyb
  2659 | D:3      | Killed Ijyb
  2659 | D:3      | Reached XP level 6. HP: 18/50 MP: 6/6
  2751 | D:3      | Reached skill level 5 in Polearms
  2878 | D:4      | Found a staircase to the Ecumenical Temple.
  2891 | Temple   | Entered the Ecumenical Temple
  2929 | Temple   | Became a worshipper of Warmaster Okawaru
  3018 | D:4      | Reached skill level 5 in Fighting
  3132 | D:4      | HP: 2/51 [poisoned by an adder]
  3133 | D:4      | Succumbed to an adder's poison

Skill      XL: |  1  2  3  4  5  6 |
---------------+-------------------+-----
Polearms       | 3 4 5 |  5.0
Fighting       | 4 5 |  5.0
Armour         | |  3.2
Shields        | |  3.6

Action                   |  1- 3 |  4- 6 || total
-------------------------+-------+-------++-------
Melee: Trident           |   147 |   217 ||   364
  Use: Potion            |       |     6 ||     6
       Scroll            |       |     5 ||     5
  Eat: Bread ration      |     1 |       ||     1
       Royal jelly       |       |     1 ||     1
       Chunk             |       |     1 ||     1
Armor: Scale mail        |    80 |   104 ||   184
Dodge: Dodged            |    53 |    61 ||   114
Block: Shield            |    70 |   111 ||   181
